| TOP OF THE 1ST |
|
Toledo Mud Hens batting - Pitching for Rochester Red Wings : LHP Alex Gonzales
|
|
Pitching: LHP Alex Gonzales
|
|
|
Batting: RHB Joey McEndree
|
0-0: Ball 1-0: Swinging Strike 1-1: Foul Ball, location: 2F 1-2: Ground out 5-3 (Groundball, 56, EV 83.8 MPH)
|
|
Batting: RHB Don Lyle
|
0-0: Ball 1-0: SINGLE (Line Drive, 8RS, EV 95.6 MPH)
|
|
Batting: SHB Ken Henderson
|
0-0: Called Strike 0-1: Called Strike 0-2: SINGLE (Flyball, 9LS, EV 92.5 MPH) Don Lyle to second Runner from 2nd tries for 3rd, SAFE, no throw by RF
|
|
Batting: LHB Jerry Tabb
|
0-0: Ball 1-0: Ball 2-0: Ball 3-0: Base on Balls Ken Henderson to second
|
|
Batting: RHB Dennis Odom
|
0-0: Called Strike 0-1: Foul Ball, location: 2F 0-2: Strikes out swinging
|
|
Batting: LHB Ron Diggle
|
0-0: Ball 1-0: Called Strike 1-1: Fly out, F9 (Flyball, 9S, EV 88.1 MPH)
|
| Top of the 1st over - 0 runs, 2 hits, 0 errors, 3 left on base; Toledo 0 - Rochester 0 |
| BOTTOM OF THE 1ST |
|
Rochester Red Wings batting - Pitching for Toledo Mud Hens : RHP Jay North
|
|
Pitching: RHP Jay North
|
|
|
Batting: RHB Marty G Barrett
|
0-0: Ball 1-0: SINGLE (Line Drive, 4D, EV 97.5 MPH)
|
|
Batting: LHB Ed Amelung
|
0-0: Ball 1-0: Fly out, F9 (Flyball, 8RS, EV 92.5 MPH)
|
|
Batting: SHB Jordan Ayala
|
0-0: Called Strike Marty G Barrett is caught stealing 2nd base 2-6 0-1: Ground out 5-3 (Groundball, 5, EV 88.1 MPH)
|
| Bottom of the 1st over - 0 runs, 1 hit, 0 errors, 0 left on base; Toledo 0 - Rochester 0 |
| TOP OF THE 2ND |
|
Toledo Mud Hens batting - Pitching for Rochester Red Wings : LHP Alex Gonzales
|
|
Batting: RHB Gary Allenson
|
0-0: Foul Ball, location: 2F 0-1: Fly out, F4 (Popup, 4, EV 59.4 MPH)
|
|
Batting: LHB Rich Coggins
|
0-0: Ball 1-0: Called Strike 1-1: Fly out, F8 (Flyball, 8RXD, EV 107.5 MPH)
|
|
Batting: LHB George LaCoe
|
0-0: Fly out, F8 (Flyball, 89M, EV 73.1 MPH)
|
| Top of the 2nd over - 0 runs, 0 hits, 0 errors, 0 left on base; Toledo 0 - Rochester 0 |
| BOTTOM OF THE 2ND |
|
Rochester Red Wings batting - Pitching for Toledo Mud Hens : RHP Jay North
|
|
Batting: RHB Gerry Davis
|
0-0: Called Strike 0-1: Ball 1-1: Swinging Strike 1-2: Strikes out looking
|
|
Batting: RHB Pat Casey
|
0-0: Called Strike 0-1: Ball 1-1: Called Strike 1-2: Ball 2-2: Strikes out swinging
|
|
Batting: RHB Chris Johnston
|
0-0: Ball 1-0: Foul Ball, location: 2F 1-1: Ball 2-1: Fly out, F8 (Flyball, 8LD, EV 97.5 MPH)
|
| Bottom of the 2nd over - 0 runs, 0 hits, 0 errors, 0 left on base; Toledo 0 - Rochester 0 |
| TOP OF THE 3RD |
|
Toledo Mud Hens batting - Pitching for Rochester Red Wings : LHP Alex Gonzales
|
|
Batting: RHB Joey McEndree
|
0-0: Ground out 6-3 (Groundball, 56, EV 100.0 MPH)
|
|
Batting: RHB Don Lyle
|
0-0: Called Strike 0-1: Ball 1-1: Ball 2-1: Fly out, F3 (Popup, 3D, EV 60.6 MPH)
|
|
Batting: SHB Ken Henderson
|
0-0: Called Strike 0-1: Foul Ball, location: 2F 0-2: Ball 1-2: Foul Ball, location: 2F 1-2: Foul Ball, location: 2F 1-2: Foul Ball, location: 2F 1-2: Ball 2-2: Ball 3-2: Foul Ball, location: 2F 3-2: Foul Ball, location: 2F 3-2: Foul Ball, location: 2F 3-2: Foul Ball, location: 2F 3-2: Ground out 5-3 (Groundball, 56, EV 85.6 MPH)
|
| Top of the 3rd over - 0 runs, 0 hits, 0 errors, 0 left on base; Toledo 0 - Rochester 0 |
| BOTTOM OF THE 3RD |
|
Rochester Red Wings batting - Pitching for Toledo Mud Hens : RHP Jay North
|
|
Batting: LHB Dave Falcone
|
0-0: Called Strike 0-1: Ball 1-1: Ball 2-1: Ground out 4-3 (Groundball, 34D, EV 109.4 MPH)
|
|
Batting: RHB Tom Brookens
|
0-0: DOUBLE (Flyball, 8LXD, EV 90.0 MPH)
|
|
Batting: RHB Jerry Dybzinski
|
0-0: Foul Ball, location: 2F 0-1: Ball 1-1: Ball 2-1: Foul Ball, location: 2F 2-2: Strikes out swinging
|
|
Batting: RHB Marty G Barrett
|
0-0: Foul Ball, location: 2F 0-1: Called Strike 0-2: Foul Ball, location: 2F 0-2: Ball 1-2: Ground out 5-3 (Groundball, 56, EV 81.3 MPH)
|
| Bottom of the 3rd over - 0 runs, 1 hit, 0 errors, 1 left on base; Toledo 0 - Rochester 0 |
| TOP OF THE 4TH |
|
Toledo Mud Hens batting - Pitching for Rochester Red Wings : LHP Alex Gonzales
|
|
Batting: LHB Jerry Tabb
|
0-0: Ball 1-0: Called Strike 1-1: SINGLE (Groundball, 34D, EV 95.6 MPH)
|
|
Batting: RHB Dennis Odom
|
0-0: Ball 1-0: Called Strike 1-1: Ball 2-1: Foul Ball, location: 2F 2-2: Strikes out swinging
|
|
Batting: LHB Ron Diggle
|
0-0: Ball 1-0: Called Strike 1-1: Ball 2-1: Ball 3-1: Base on Balls Jerry Tabb to second
|
|
Batting: RHB Gary Allenson
|
0-0: Ball 1-0: Ball 2-0: Called Strike 2-1: 3-RUN HOME RUN (Flyball, 9D, EV 103.8 MPH), Distance : 363 ft
|
|
Batting: LHB Rich Coggins
|
0-0: Called Strike 0-1: Ball 1-1: Swinging Strike 1-2: Ball 2-2: Ground out 6-3 (Groundball, 6, EV 85.0 MPH)
|
|
Batting: LHB George LaCoe
|
0-0: Ball 1-0: Foul Ball, location: 2F 1-1: Fly out, F8 (Flyball, 8RM, EV 78.1 MPH)
|
| Top of the 4th over - 3 runs, 2 hits, 0 errors, 0 left on base; Toledo 3 - Rochester 0 |
| BOTTOM OF THE 4TH |
|
Rochester Red Wings batting - Pitching for Toledo Mud Hens : RHP Jay North
|
|
Batting: LHB Ed Amelung
|
0-0: Called Strike 0-1: Called Strike 0-2: Strikes out swinging
|
|
Batting: SHB Jordan Ayala
|
0-0: Ball 1-0: Ball 2-0: Ball 3-0: Called Strike 3-1: DOUBLE (Line Drive, 9LS, EV 110.0 MPH)
|
|
Batting: RHB Gerry Davis
|
0-0: Called Strike 0-1: Ball Jordan Ayala steals 3rd base 1-1: Ground out 6-3 (Groundball, 6, EV 83.1 MPH) Jordan Ayala scores
|
|
Batting: RHB Pat Casey
|
0-0: Ball 1-0: Called Strike 1-1: Swinging Strike 1-2: Ball 2-2: Ball 3-2: Base on Balls
|
|
Batting: RHB Chris Johnston
|
0-0: Ball 1-0: Fielders Choice at 2nd, 6-4 (Groundball, 6, EV 88.1 MPH)
|
| Bottom of the 4th over - 1 run, 1 hit, 0 errors, 1 left on base; Toledo 3 - Rochester 1 |
| TOP OF THE 5TH |
|
Toledo Mud Hens batting - Pitching for Rochester Red Wings : LHP Alex Gonzales
|
|
Batting: RHB Joey McEndree
|
0-0: Foul Ball, location: 2F 0-1: Ball 1-1: Called Strike 1-2: Ball 2-2: SINGLE (Line Drive, 89S, EV 101.3 MPH)
|
|
Batting: RHB Don Lyle
|
0-0: Sac Bunt to 5S - play at first, batter OUT! 5-3 Joey McEndree to second
|
|
Batting: SHB Ken Henderson
|
0-0: Called Strike Joey McEndree steals 3rd base 0-1: Foul Ball, location: 2F 0-2: Ball 1-2: Foul Ball, location: 2F 1-2: Foul Ball, location: 2F 1-2: Ball 2-2: Fly out, F9 (Line Drive, 9, EV 96.3 MPH)
|
|
Batting: LHB Jerry Tabb
|
0-0: Ball 1-0: Called Strike 1-1: Called Strike 1-2: Strikes out swinging
|
| Top of the 5th over - 0 runs, 1 hit, 0 errors, 1 left on base; Toledo 3 - Rochester 1 |
| BOTTOM OF THE 5TH |
|
Rochester Red Wings batting - Pitching for Toledo Mud Hens : RHP Jay North
|
|
Batting: LHB Dave Falcone
|
0-0: Foul Ball, location: 2F 0-1: Ball 1-1: Ground out 6-3 (Groundball, 56, EV 80.0 MPH)
|
|
Batting: RHB Tom Brookens
|
0-0: SINGLE (Flyball, 8LS, EV 88.8 MPH)
|
|
Batting: RHB Jerry Dybzinski
|
0-0: Ball 1-0: Foul Ball, location: 2F 1-1: Ball 2-1: Foul Ball, location: 2F 2-2: Ball 3-2: Foul Ball, location: 2F 3-2: SINGLE (Groundball, 25, EV 64.4 MPH) (infield hit) Tom Brookens to second
|
|
Batting: RHB Marty G Barrett
|
0-0: Ball 1-0: Foul Ball, location: 2F 1-1: Foul Ball, location: 2F 1-2: Foul Ball, location: 2F 1-2: Ball 2-2: Grounds into double play, 6-4-3 (Groundball, 6, EV 81.9 MPH)
|
| Bottom of the 5th over - 0 runs, 2 hits, 0 errors, 1 left on base; Toledo 3 - Rochester 1 |
| TOP OF THE 6TH |
|
Toledo Mud Hens batting - Pitching for Rochester Red Wings : LHP Alex Gonzales
|
|
Batting: RHB Dennis Odom
|
0-0: Fly out, F9 (Flyball, 9, EV 82.5 MPH)
|
|
Batting: LHB Ron Diggle
|
0-0: Ball 1-0: Swinging Strike 1-1: Ball 2-1: Ball 3-1: SINGLE (Groundball, 34D, EV 96.3 MPH)
|
|
Batting: RHB Gary Allenson
|
0-0: Ball 1-0: Ball 2-0: Ball 3-0: Called Strike 3-1: Foul Ball, location: 2F 3-2: SINGLE (Line Drive, 89S, EV 112.5 MPH) Ron Diggle to second
|
|
Batting: LHB Rich Coggins
|
0-0: Called Strike 0-1: Called Strike 0-2: Ball 1-2: Strikes out swinging
|
|
Batting: LHB George LaCoe
|
0-0: Called Strike 0-1: Ball 1-1: Ball 2-1: Swinging Strike 2-2: Strikes out swinging
|
| Top of the 6th over - 0 runs, 2 hits, 0 errors, 2 left on base; Toledo 3 - Rochester 1 |
| BOTTOM OF THE 6TH |
|
Rochester Red Wings batting - Pitching for Toledo Mud Hens : RHP Jay North
|
|
Batting: LHB Ed Amelung
|
0-0: Foul Ball, location: 2F 0-1: Foul Ball, location: 2F 0-2: Ball 1-2: DOUBLE (Line Drive, 78D, EV 106.9 MPH)
|
|
Batting: SHB Jordan Ayala
|
0-0: Foul Ball, location: 2F 0-1: Ball 1-1: Swinging Strike 1-2: Foul Ball, location: 2F 1-2: Strikes out swinging
|
|
Batting: RHB Gerry Davis
|
0-0: Ball 1-0: Called Strike 1-1: Foul Ball, location: 2F 1-2: Fly out, F9 (Flyball, 89XD, EV 100.6 MPH) Runner from 2nd tags up, SAFE at 3rd, no throw by RF
|
|
Batting: RHB Pat Casey
|
0-0: Ball 1-0: Fly out, F9 (Flyball, 9LM, EV 86.3 MPH)
|
| Bottom of the 6th over - 0 runs, 1 hit, 0 errors, 1 left on base; Toledo 3 - Rochester 1 |
| TOP OF THE 7TH |
|
Toledo Mud Hens batting - Pitching for Rochester Red Wings : LHP Alex Gonzales
|
|
Batting: RHB Joey McEndree
|
0-0: Ball 1-0: Swinging Strike 1-1: Foul Ball, location: 2F 1-2: Ball 2-2: Ball 3-2: Foul Ball, location: 2F 3-2: Ground out 5-3 (Groundball, 5L, EV 83.1 MPH)
|
|
Batting: RHB Don Lyle
|
0-0: Swinging Strike 0-1: Foul Ball, location: 2F 0-2: Strikes out swinging
|
|
Batting: SHB Ken Henderson
|
0-0: Foul Ball, location: 2F 0-1: Ball 1-1: Foul Ball, location: 2F 1-2: Ball 2-2: Strikes out swinging
|
| Top of the 7th over - 0 runs, 0 hits, 0 errors, 0 left on base; Toledo 3 - Rochester 1 |
| BOTTOM OF THE 7TH |
|
Rochester Red Wings batting - Pitching for Toledo Mud Hens : RHP Jay North
|
|
Batting: RHB Chris Johnston
|
0-0: Ball 1-0: Ball 2-0: Called Strike 2-1: Ball 3-1: Foul Ball, location: 2F 3-2: SINGLE (Groundball, 6D, EV 99.4 MPH)
|
|
Batting: LHB Dave Falcone
|
0-0: Called Strike 0-1: Called Strike 0-2: Strikes out swinging
|
|
Batting: RHB Tom Brookens
|
0-0: Ball 1-0: Swinging Strike Chris Johnston is caught stealing 2nd base 2-4 1-1: Foul Ball, location: 2F 1-2: Ball 2-2: Ground out 6-3 (Groundball, 6, EV 85.0 MPH)
|
| Bottom of the 7th over - 0 runs, 1 hit, 0 errors, 0 left on base; Toledo 3 - Rochester 1 |
| TOP OF THE 8TH |
|
Toledo Mud Hens batting - Pitching for Rochester Red Wings : LHP Alex Gonzales
|
|
Batting: LHB Jerry Tabb
|
0-0: Foul Ball, location: 2F 0-1: Called Strike 0-2: Foul Ball, location: 2F 0-2: Foul Ball, location: 2F 0-2: Foul Ball, location: 2F 0-2: SINGLE (Line Drive, 6MD, EV 94.4 MPH)
|
|
Pitching: RHP Oscar Silva
|
|
|
Batting: RHB Dennis Odom
|
0-0: Ball 1-0: Called Strike 1-1: Swinging Strike 1-2: Fly out, F8 (Flyball, 8RXD, EV 81.3 MPH)
|
|
Batting: LHB Ron Diggle
|
0-0: Called Strike 0-1: Ball 1-1: Called Strike 1-2: Strikes out swinging
|
|
Batting: RHB Gary Allenson
|
0-0: Ball 1-0: Called Strike 1-1: Ball 2-1: Foul Ball, location: 2F 2-2: Ground out 3-1 (Groundball, 34S, EV 87.5 MPH)
|
| Top of the 8th over - 0 runs, 1 hit, 0 errors, 1 left on base; Toledo 3 - Rochester 1 |
| BOTTOM OF THE 8TH |
|
Rochester Red Wings batting - Pitching for Toledo Mud Hens : RHP Jay North
|
|
Batting: RHB Jerry Dybzinski
|
0-0: Ball 1-0: Swinging Strike 1-1: Ball 2-1: Foul Ball, location: 2F 2-2: Ground out 6-3 (Groundball, 6, EV 81.9 MPH)
|
|
Batting: RHB Marty G Barrett
|
0-0: Swinging Strike 0-1: Ball 1-1: Called Strike 1-2: Ball 2-2: Fly out, F8 (Flyball, 89M, EV 93.1 MPH)
|
|
Batting: LHB Ed Amelung
|
0-0: Called Strike 0-1: Foul Ball, location: 2F 0-2: Ball 1-2: Strikes out swinging
|
| Bottom of the 8th over - 0 runs, 0 hits, 0 errors, 0 left on base; Toledo 3 - Rochester 1 |
| TOP OF THE 9TH |
|
Toledo Mud Hens batting - Pitching for Rochester Red Wings : RHP Oscar Silva
|
|
Batting: LHB Rich Coggins
|
0-0: Called Strike 0-1: Called Strike 0-2: Ball 1-2: Ball 2-2: Foul Ball, location: 2F 2-2: Ball 3-2: Base on Balls
|
|
Batting: LHB George LaCoe
|
0-0: Sac Bunt to 13 - play at first, batter OUT! 1-3 Rich Coggins to second
|
|
Batting: RHB Joey McEndree
|
0-0: Ball Rich Coggins steals 3rd base 1-0: Ball 2-0: Swinging Strike 2-1: Ball 3-1: Called Strike 3-2: Strikes out looking
|
|
Batting: RHB Don Lyle
|
0-0: Ball 1-0: Called Strike 1-1: Foul Ball, location: 2F 1-2: Strikes out looking
|
| Top of the 9th over - 0 runs, 0 hits, 0 errors, 1 left on base; Toledo 3 - Rochester 1 |
| BOTTOM OF THE 9TH |
|
Rochester Red Wings batting - Pitching for Toledo Mud Hens : RHP Jay North
|
|
Pitching: RHP Mackasey Lee
|
|
|
Batting: SHB Jordan Ayala
|
0-0: Ball 1-0: Called Strike 1-1: Ball 2-1: Foul Ball, location: 2F 2-2: Foul Ball, location: 2F 2-2: Ball 3-2: SINGLE (Groundball, P, EV 88.1 MPH) (infield hit)
|
|
Batting: RHB Gerry Davis
|
0-0: Swinging Strike 0-1: Ball Balk! Jordan Ayala to second 1-1: Ground out 5-3 (Groundball, 56S, EV 69.4 MPH) Jordan Ayala to third
|
|
Batting: RHB Pat Casey
|
0-0: Ball 1-0: Ball 2-0: Foul Ball, location: 2F 2-1: Ball 3-1: Called Strike 3-2: SINGLE (Groundball, 4MD, EV 102.5 MPH) Jordan Ayala scores
|
|
Batting: RHB Chris Johnston
|
0-0: Called Strike 0-1: Called Strike 0-2: SINGLE (Flyball, 6MD, EV 96.9 MPH) Pat Casey to second
|
|
Batting: LHB Dave Falcone
|
0-0: Ball 1-0: Ball 2-0: Called Strike 2-1: Fly out, F7 (Line Drive, 7, EV 86.9 MPH) Runner from 2nd tags up, SAFE at 3rd with throw by LF
|
|
Batting: RHB Tom Brookens
|
0-0: Called Strike 0-1: Ball 1-1: Fielders Choice at 2nd, 6-4 (Groundball, 6, EV 87.5 MPH)
|
| Bottom of the 9th over - 1 run, 3 hits, 0 errors, 2 left on base; Toledo 3 - Rochester 2 |
|